 Dungeon Crawl Stone Soup version 0.21.1-1-g345015fe64 (webtiles) character file.

152 Nordon the Chucker (level 5, 32/32 HPs)
             Began as a Gargoyle Hunter on Apr 10, 2018.
             Quit the game on level 3 of the Dungeon on May 8, 2018.
             The game lasted 00:04:51 (1660 turns).

Nordon the Chucker (Gargoyle Hunter)                Turns: 1660, Time: 00:04:51

Health: 32/32      AC:  7    Str: 15    XL:     5   Next: 34%
Magic:  5/5        EV: 11    Int: 13    God:
Gold:   65         SH:  0    Dex: 10    Spells: 4/4 levels left

rFire    . . .     SeeInvis .   a - +0 short sword
rCold    . . .     Gourm    .   (no shield)
rNeg     + . .     Faith    .   b - +0 leather armour
rPois    ∞         Spirit   .   (no helmet)
rElec    +         Reflect  .   (no cloak)
rCorr    .         Harm     .   (no gloves)
MR       .....                  (no boots)
Stlth    ++........             g - amulet of regeneration
HPRegen  0.50/turn              (no ring)
MPRegen  0.09/turn              (no ring)

@: no status effects
A: negative energy resistance 1, electricity resistance, unbreathing,
petrification resistance, rot immunity, AC +4
a: no special abilities


You were on level 3 of the Dungeon.
You were not hungry.

You visited 1 branch of the dungeon, and saw 3 of its levels.

You collected 65 gold pieces.


Innate Abilities, Weirdness & Mutations

You are resistant to torment.
Your stone body is resilient. (AC +4)
You are immune to poison.
You resist negative energy. (rN+)
You are resistant to electric shocks. (rElec)
You can survive without breathing.
You are immune to petrification.
You are immune to rotting.


   Skills:
 + Level 3.2 Fighting
 * Level 4.6 Throwing
 + Level 2.1 Armour
 - Level 1.5 Dodging
 + Level 2.7 Stealth


You had 4 spell levels left.
You didn't know any spells.

Inventory:

Hand Weapons
 a - a +0 short sword (weapon)
Missiles
 c - 5 javelins (quivered)
 d - 2 throwing nets {=f}
 e - 2 needles of frenzy
Armour
 b - a +0 leather armour (worn)
 i - a +0 cloak
Jewellery
 g - an amulet of regeneration (around neck)
 j - a +5 amulet of reflection
 l - a +2 amulet of reflection
Scrolls
 h - a scroll of immolation {unknown}
 k - 3 scrolls of teleportation {unknown}
 n - a scroll of remove curse {unknown}
 p - a scroll of noise {unknown}
 q - a scroll of random uselessness {unknown}
 t - a scroll of fog {unknown}
Potions
 m - 2 potions of berserk rage {unknown}
 o - a potion of might {unknown}
 r - a potion of invisibility {unknown}
 s - a potion of haste {unknown}
 u - a potion of degeneration {unknown}
 v - 3 potions of flight {unknown}
Comestibles
 f - 6 rations {@e1}
 w - a chunk of flesh

Dungeon Overview and Level Annotations

Branches:
Dungeon (3/15)

Altars:

#......((#
#......(.#
.##........###
.........(...
.#.........###..
$...............
............?...
.......@<#
.........#
.........#
.........#
#..##....# #.
##.... # ##.#.
.....


There were no monsters in sight!


Message History

Throwing (i - inventory. (,) - cycle):
c - 7 javelins (quivered)
Press: ? - help, Shift-Dir - straight line, f/p - ogre
Aim: an ogre, wielding a giant club (almost dead)
You throw a javelin. The javelin completely misses the ogre.
Throwing (i - inventory. (,) - cycle):
c - 6 javelins (quivered)
Press: ? - help, Shift-Dir - straight line, f/p - ogre
Aim: an ogre, wielding a giant club (almost dead)
You throw a javelin. The javelin hits the ogre!
You kill the ogre!
Your Fighting skill increases to level 3!
Your Armour skill increases to level 2!
You have reached level 5!
The hobgoblin closely misses you.
Throwing (i - inventory. (,) - cycle):
c - 5 javelins (quivered)
Press: ? - help, Shift-Dir - straight line, f - hobgoblin
Aim: a hobgoblin, wielding a club You throw a javelin.
The javelin hits the hobgoblin!
You kill the hobgoblin!
Found 12 gold pieces.
c - 5 javelins (gained 1)
Things that are here:
a club; a hobgoblin corpse Search for what [Enter for "axe", or ? for help]? axe Can't find anything matching that.
Unknown command.
Unknown command.
Saving game... please wait.
Welcome back, Nordon the Gargoyle Hunter.
Press ? for a list of commands and other information.
Are you sure you want to abandon this character and quit the game? (Confirm with "yes".)

Skill      XL: |  1  2  3  4 |
---------------+-------------+-----
Armour         | 1 2 |  2.1
Throwing       | 4 |  4.6
Stealth        | 2 |  2.7
Fighting       | 3 |  3.2
Dodging        | |  1.5

Action                   |  1- 3 |  4- 6 || total
-------------------------+-------+-------++-------
Melee: Short sword       |    80 |       ||    80
Throw: Javelin           |    31 |     6 ||    37
 Stab: Sleeping          |     1 |       ||     1
  Eat: Chunk             |     2 |       ||     2
Armor: Leather armour    |    35 |       ||    35
Dodge: Dodged            |    53 |     1 ||    54
Block: Other             |    10 |       ||    10

Vault maps used:
D:1:      dpeg_arrival_refuge
D:3:      gammafunk_steamed_eel, first_ration, uniq_grinder, uniq_ijyb,
          uniq_terence

Notes
Turn   | Place    | Note
-------+----------+-------------------------------------------
     0 | D:1      | Nordon the Gargoyle Hunter began the quest for the Orb.
     0 | D:1      | Reached XP level 1. HP: 12/12 MP: 1/1
    32 | D:1      | Reached XP level 2. HP: 12/18 MP: 2/2
   640 | D:1      | Reached skill level 1 in Armour
   655 | D:1      | Reached skill level 4 in Throwing
   655 | D:1      | Reached XP level 3. HP: 21/22 MP: 3/3
  1447 | D:2      | Reached skill level 2 in Stealth
  1540 | D:2      | Reached XP level 4. HP: 24/27 MP: 4/4
  1652 | D:3      | Noticed an ogre
  1656 | D:3      | Killed an ogre
  1656 | D:3      | Reached skill level 3 in Fighting
  1656 | D:3      | Reached skill level 2 in Armour
  1656 | D:3      | Reached XP level 5. HP: 32/32 MP: 5/5
  1660 | D:3      | Quit the game

Vanquished Creatures
  An ogre (D:3)
  3 adders (D:2)
  A worm (D:2)
  A dart slug (D:1)
  A leopard gecko (D:1)
  2 ball pythons (D:1)
  A giant cockroach (D:1)
  3 goblins (D:1)
  7 hobgoblins
  3 jackals (D:1)
  3 kobolds
  5 bats
  A frilled lizard (D:2)
  2 rats (D:1)
34 creatures vanquished.

Table legend:
 A = Turns spent in this place as a percentage of turns spent in the entire game.
 B = Non-inter-level travel turns spent in this place as a percentage of non-inter-level travel turns spent in the entire game.
 C = Inter-level travel turns spent in this place as a percentage of turns spent in this place.
 D = Turns resting spent in this place as a percentage of non-inter-level travel turns spent in this place.
 E = Turns spent auto-exploring this place as a percentage of non-inter-level travel turns spent in this place.
 F = Non-inter-level travel turns spent in this place divided by the number of levels of this place that you've seen.
                   A       B       C       D       E      F
               +-------+-------+-------+-------+-------+----------------------
         Total | 100.0 | 100.0 |   5.5 |   9.8 |  76.3 | 522.7
       Dungeon | 100.0 | 100.0 |   5.5 |   9.8 |  76.3 | 522.7
               +-------+-------+-------+-------+-------+----------------------

Table legend:
 A = Spawn XP
 B = Non-spawn XP
 C = Spawn XP percentage of total XP
 D = Spawn monster count
 E = Non-spawn monster count
 F = Spawn count percentage of total count
 G = Total turns spent on level
                    A         B        C        D         E        F      G
               +---------+---------+-------+---------+---------+-------+---------
         Total |       0 |     218 |   0.0 |       0 |      34 |   0.0 |  1660
               +---------+---------+-------+---------+---------+-------+---------
           D:1 |       0 |      42 |   0.0 |       0 |      23 |   0.0 |  1012
           D:2 |       0 |      53 |   0.0 |       0 |       9 |   0.0 |   640
           D:3 |       0 |     123 |   0.0 |       0 |       2 |   0.0 |     8
               +---------+---------+-------+---------+---------+-------+---------
